 Dungeon Crawl Stone Soup version 0.13.0-65-g2bb7898 (webtiles) character file.

1649 Lilouch the Firebug (level 8, -3/53 HPs)
             Began as a Mummy Fire Elementalist on Nov 25, 2013.
             Slain by Chiseanne's ghost (16 damage)
             ... on Level 6 of the Dungeon.
             The game lasted 00:44:05 (9069 turns).

Lilouch the Firebug (Mummy Fire Elementalist)       Turns: 9069, Time: 00:44:05

HP  -3/53        AC  5     Str 11      XL: 8   Next: 39%
MP   9/18        EV 12     Int 16      God:
Gold 276         SH  0     Dex 12      Spells:  4 memorised,  5 levels left

Res.Fire  : x . .   See Invis. : .   C - +0 blowgun
Res.Cold  : + . .   Warding    : .   H - +1 robe
Life Prot.: + + +   Conserve   : .   (no shield)
Res.Poison: +       Res.Corr.  : .   (no helmet)
Res.Elec. : .       Clarity    : .   g - +0 cloak
Sust.Abil.: . .     Spirit.Shd : .   (no gloves)
Res.Mut.  : .       Stasis     : .   f - +0 pair of boots
Res.Rott. : +       Flight     : .   (no amulet)
Saprovore : . . .                    (no ring)
                                     (no ring)

@: somewhat resistant to hostile enchantments, unstealthy
A: no food or potions, fire vulnerability, restore body, cold resistance 1, life
protection 3, poison resistance, torment resistance, unbreathing
a: no special abilities


You were on level 6 of the Dungeon.
You were not hungry.

You visited 1 branch of the dungeon, and saw 6 of its levels.

You collected 256 gold pieces.

Inventory:

Hand weapons
 k - a +1,+1 sling
 v - a cursed -2,+0 orcish dagger
 y - a +1,+2 orcish hand axe
 C - a +0 blowgun (weapon)
 I - the +3,+1 sabre of the Original Sin {drain, rC+}
   (You found it on level 4 of the Dungeon)

   A truly terrible weapon, it drains the life of those it strikes.
   It protects you from cold.
 J - a +1,+0 dwarven hand axe
 K - a +0,+0 dagger
 L - a -1,+1 orcish hand axe of chopping
 M - a +0,+0 dagger
 O - a -1,+2 orcish hand axe
 Q - a -1,+3 orcish dagger
 R - a +0,+1 orcish dagger
 S - a +0,+0 spear
Missiles
 a - 6 curare-tipped needles (quivered)
 z - 54 stones
 B - 44 poisoned needles
 F - 20 sling bullets
Armour
 f - a +0 pair of boots (worn)
 g - a +0 cloak (worn)
 x - a +0 large shield
 H - a +1 robe (worn)
Magical devices
 r - a wand of frost (17) {unknown}
 s - a wand of disintegration (12)
 w - a wand of polymorph (12)
 N - a wand of flame (8) {unknown}
Scrolls
 c - 4 scrolls of remove curse
 d - a scroll of enchant armour
 e - 2 scrolls of identify
 h - 2 scrolls of blinking
 i - 3 scrolls of recharging
 j - a scroll of curse jewellery {unknown}
 m - 4 scrolls of teleportation
 n - a scroll of enchant weapon II
 o - a scroll of noise
 p - a scroll of enchant weapon I
 D - a scroll of magic mapping
 G - 3 scrolls of fear {unknown}
Jewellery
 T - the ring of Thrazucao {+/*Tele rElec Int+2 Stlth++}
   (You found it on level 5 of the Dungeon)

   [ring of teleportation]

   It affects your intelligence (+2).
   It insulates you from electricity.
   It makes you much more stealthy.
Books
 b - a book of Flames

   Spells                             Type                      Level
   *Flame Tongue                      Conjuration/Fire             1
   *Throw Flame                       Conjuration/Fire             2
   *Conjure Flame                     Conjuration/Fire             3
   Inner Flame                        Hexes/Fire                   3
   *Sticky Flame                      Conjuration/Fire             4
   Fireball                           Conjuration/Fire             5


   Skills:
 + Level 1.4 Fighting
 - Level 1.5 Dodging
 + Level 1.5 Stealth
 - Level 4.3 Spellcasting
 + Level 4.1 Conjurations
 * Level 6.6 Fire Magic


You had 5 spell levels left.
You knew the following spells:

 Your Spells              Type           Power        Failure   Level  Hunger
a - Flame Tongue          Conj/Fire      ###..        1%          1    N/A
b - Throw Flame           Conj/Fire      ###...       2%          2    N/A
c - Conjure Flame         Conj/Fire      ###.....     6%          3    N/A
d - Sticky Flame          Conj/Fire      ###.....     17%         4    N/A

Dungeon Overview and Level Annotations

Branches:
Dungeon (6/27)
 Temple: D:4-7          Orc: D:6-11

Altars:
Nemelex Xobeh
Okawaru

Shops:
D:4 !

Annotations:
D:6 Chiseanne's ghost, experienced TrFi


Innate Abilities, Weirdness & Mutations

You do not eat or drink.
Your flesh is vulnerable to fire.
Your flesh is cold resistant.
You are immune to negative energy.
Your system is resistant to poisons.
You are immune to unholy pain and torment.
You can survive without breathing.


Message History

Casting: Flame Tongue
Confirm with . or Enter, or press ? or * to list all spells.
Aiming: Flame Tongue
Press: ? - help, Shift-Dir - straight line, f/p - Chiseanne's ghost
Aim: Chiseanne's ghost (flame, heavily damaged)
The flame hits Chiseanne's ghost.
Chiseanne's ghost is heavily damaged.
Chiseanne's ghost is engulfed in roaring flames.
Chiseanne's ghost hits you! Chiseanne's ghost burns you!
Casting: Flame Tongue
Confirm with . or Enter, or press ? or * to list all spells.
Aiming: Flame Tongue
Press: ? - help, Shift-Dir - straight line, f/p - Chiseanne's ghost
Aim: Chiseanne's ghost (severely damaged)
The flame hits Chiseanne's ghost.
Chiseanne's ghost appears unharmed.
Chiseanne's ghost is severely damaged.
Chiseanne's ghost hits you!
* * * LOW HITPOINT WARNING * * *
Chiseanne's ghost burns you!
You die...

#######################
.......................
.....................#
.....................#
.######.....p..ยง.....#
#...######p#!..#
#...#.....@#...#
######...#......#...#
.>.......#......#...#
.........#......#...#
.........##'#####<<.######
..........................
#########################


You could see Chiseanne's ghost.

Vanquished Creatures
  Grinder (D:3)
  The ghost of oink the Magician, an average SpEE (D:5)
  An orc warrior (D:5)
  A centaur (D:5)
  An ogre (D:5)
  Sigmund (D:4)
  A hound (D:4)
  A centaur zombie (D:5)
  A gnoll shaman (D:4)
  3 orc priests (D:5)
  3 worker ants
  2 orc wizards
  A scorpion (D:4)
  8 adders
  9 gnolls
  2 worms (D:3)
  An adder skeleton (D:5)
  4 giant geckos
  3 oozes
  16 orcs
  2 giant cockroaches
  7 goblins
  10 hobgoblins
  5 jackals (D:3)
  3 quokkas (D:2)
  4 ball pythons
  7 bats
  4 giant newts
  9 kobolds
  13 rats
125 creatures vanquished.

Notes
Turn   | Place    | Note
--------------------------------------------------------------
     0 | D:1      | Lilouch, the Mummy Fire Elementalist, began the quest for the Orb.
     0 | D:1      | Reached XP level 1. HP: 13/13 MP: 3/3
   351 | D:1      | Reached skill level 1 in Conjurations
  1219 | D:2      | Reached XP level 2. HP: 19/19 MP: 4/4
  1785 | D:2      | Reached XP level 3. HP: 24/24 MP: 6/6
  2068 | D:3      | Reached skill level 3 in Fire Magic
  2264 | D:3      | Reached XP level 4. HP: 16/30 MP: 0/7
  2365 | D:3      | Noticed Grinder
  2469 | D:3      | Paralysed by Grinder for 7 turns
  2483 | D:3      | Killed Grinder
  2483 | D:3      | Reached skill level 4 in Fire Magic
  2483 | D:3      | Reached XP level 5. HP: 9/35 MP: 0/10
  2483 | D:3      | Reached XP level 6. HP: 10/41 MP: 0/12
  3283 | D:3      | Found an iron altar of Okawaru.
  3665 | D:4      | Learned a level 2 spell: Throw Flame
  3669 | D:4      | Learned a level 3 spell: Conjure Flame
  3674 | D:4      | Learned a level 4 spell: Sticky Flame
  5135 | D:3      | Reached XP level 7. HP: 8/46 MP: 2/15
  5451 | D:4      | Reached skill level 5 in Fire Magic
  5870 | D:4      | Found Noguykk's Distillery.
  5871 | D:4      | Noticed Sigmund
  5905 | D:4      | Killed Sigmund
  6053 | D:4      | Got a shimmering sabre
  6064 | D:4      | Identified the cursed sabre of the Original Sin {drain, rC+} (You found it on level 4 of the Dungeon)
  6420 | D:5      | Entered Level 5 of the Dungeon
  6734 | D:5      | Noticed oink's ghost (average SpEE)
  6741 | D:5      | Killed oink's ghost
  7035 | D:5      | Reached skill level 6 in Fire Magic
  7067 | D:5      | HP: 2/46 [orc warrior/orcish short sword (15)]
  7071 | D:5      | Reached XP level 8. HP: 3/52 MP: 0/18
  8032 | D:5      | Reached skill level 1 in Fighting
  8435 | D:5      | Got a crude platinum ring
  8440 | D:5      | Identified the ring of Thrazucao {+/*Tele rElec Int+2 Stlth++} (You found it on level 5 of the Dungeon)
  8606 | D:5      | Found a sparkling altar of Nemelex Xobeh.
  9047 | D:6      | Noticed Chiseanne's ghost (experienced TrFi)
  9069 | D:6      | Slain by Chiseanne's ghost

Action                   |  1- 3 |  4- 6 |  7- 9 || total
-------------------------+-------+-------+-------++-------
Melee: Dagger            |    15 |       |       ||    15
       Sling             |     4 |     1 |       ||     5
       Hand axe          |       |    18 |     1 ||    19
 Fire: Sling             |    62 |    13 |       ||    75
Throw: Dagger            |     3 |     6 |    15 ||    24
       Stone             |       |     1 |     7 ||     8
       Hand axe          |       |     1 |     6 ||     7
       Club              |       |     1 |     9 ||    10
 Cast: Flame Tongue      |    52 |   125 |   133 ||   310
       Conjure Flame     |       |     1 |     9 ||    10
       Sticky Flame      |       |       |     4 ||     4
       Throw Flame       |       |       |     1 ||     1
Evoke: Wand              |       |       |     2 ||     2
  Use: Scroll            |       |       |    10 ||    10
 Stab: Sleeping          |       |     1 |       ||     1
